AoeStats
← DirtyRat4578

Arena

510224214Analyzed
4v4 RM · 21h ago on Sep 30, 2026· 42m 33s· 8 players
Game mode
Random Map
Map size
Large (8 player)
Population
200
Speed
Normal
Resources
Standard
Victory
Conquest
Starting age
Dark Age
Ending age
Imperial Age
RankedLock teamsTeams togetherTeam positionsShared explorationLock speedFull tech treeHidden civsTurbo modeCheats
Victory
Defeat
🇨🇴 Hindustanis · Colombia
1191
+19
🇲🇽 Bengalis · Mexico
1151
+21
🇧🇷 Franks · Brazil
1149
+21
🇧🇷 Magyars · Brazil
1096
+23
🇬🇧 Wu · United Kingdom
1334
-25
🇨🇦 Aztecs · Canada
1308
-23
🇺🇸 Varangians · United States
1266
-21
🇺🇸 Turks · United States
1099
-15
The Kraken
10:35 Feudal Age
14:53 Castle Age
13:32 Double-Bit Axe
13:36 Horse Collar
25:33 Fletching
25:57 Loom
32:11 Wheelbarrow
36:49 Imperial Age
34:31 Gold Mining
35:18 Bow Saw
35:12 Bodkin Arrow
35:37 Heavy Plow
36:45 Padded Archer Armor
37:22 Hand Cart
37:42 Ballistics
37:33 Bracer
38:01 Conscription
37:49 Paiks
38:13 Leather Archer Armor
38:48 Mahayana
39:37 Two-Man Saw
39:09 Bloodlines
39:00 Husbandry
39:53 Stone Mining
40:35 Crop Rotation
41:02 Ring Archer Armor
40:38 Scale Barding Armor
40:44 Forging
39:56 Light Cavalry
40:32 Elite Ratha (Ranged)
41:34 Masonry
42:25 Chemistry
41:38 Masonry
41:45 Siege Engineers
Saldeath
9:57 Feudal Age
13:29 Castle Age
12:17 Double-Bit Axe
12:13 Horse Collar
19:51 Scale Barding Armor
20:52 Forging
21:51 Bloodlines
23:52 Chain Barding Armor
25:29 Wheelbarrow
24:50 Gold Mining
25:12 Bow Saw
26:16 Heavy Plow
28:20 Iron Casting
31:17 Imperial Age
29:06 Loom
29:39 Hand Cart
30:28 Husbandry
32:40 Plate Barding Armor
31:32 Heavy Camel Rider
34:34 Blast Furnace
33:57 Imperial Camel Rider
35:05 Conscription
34:47 Grand Trunk Road
37:08 Siege Elephant
39:08 Town Watch
40:46 Chemistry
41:32 Fletching
41:44 Padded Archer Armor
42:20 Bodkin Arrow
42:48 Ballistics
42:53 Caravan
Faizcafria
10:35 Feudal Age
11:12 Horse Collar
18:17 Castle Age
16:54 Double-Bit Axe
17:11 Gold Mining
20:49 Wheelbarrow
19:59 Loom
21:43 Stone Mining
30:29 Bow Saw
31:35 Fletching
33:59 Wheelbarrow
33:55 Husbandry
34:35 Heavy Plow
37:26 Gold Shaft Mining
39:37 Bodkin Arrow
39:43 Padded Archer Armor
39:57 Bloodlines
42:17 Ballistics
44:51 Imperial Age
42:59 Hand Cart
jp.manhaes94
11:21 Feudal Age
14:59 Castle Age
13:09 Double-Bit Axe
18:51 Bow Saw
24:48 Wheelbarrow
23:59 Loom
26:03 Husbandry
30:13 Imperial Age
28:08 Forging
28:35 Hand Cart
30:42 Iron Casting
31:11 Scale Barding Armor
30:42 Cavalier
32:39 Town Watch
33:23 Chain Barding Armor
34:04 Blast Furnace
33:56 Paladin
34:35 Gold Mining
35:57 Plate Barding Armor
38:00 Conscription
37:49 Town Patrol
I Move Soft
11:45 Feudal Age
12:44 Double-Bit Axe
13:08 Gold Mining
15:52 Castle Age
14:46 Horse Collar
16:55 Bow Saw
17:48 Pikeman
20:26 Sanctity
20:17 Fervor
20:54 Redemption
23:53 Forging
23:44 Scale Mail Armor
24:23 Sanctity
24:13 Fervor
30:10 Imperial Age
29:13 Loom
30:56 Wheelbarrow
31:15 Squires
31:53 Iron Casting
32:49 Block Printing
33:10 Theocracy
33:01 Illumination
33:55 Chain Mail Armor
33:13 Eagle Warrior
34:43 Hand Cart
36:16 Blast Furnace
35:58 Fortified Wall
37:16 Plate Mail Armor
37:17 Heavy Plow
38:42 Capped Ram
38:46 Elite Eagle Warrior
39:31 Man-at-Arms
41:00 Garland Wars
40:25 Treadmill Crane
40:21 Siege Ram
onesecimpoopin
10:21 Feudal Age
14:33 Castle Age
12:57 Double-Bit Axe
13:33 Horse Collar
14:31 Wheelbarrow
16:10 Husbandry
19:12 Bloodlines
19:47 Gold Mining
21:09 Scale Barding Armor
21:14 Forging
21:34 Heavy Plow
21:52 Bow Saw
22:14 Forging
28:04 Imperial Age
26:15 Iron Casting
26:12 Hand Cart
27:44 Chain Barding Armor
27:31 Fletching
28:33 Ballistics
29:50 Conscription
29:26 Stone Mining
31:31 Plate Barding Armor
31:44 Cavalier
34:11 Bodkin Arrow
35:44 Blast Furnace
36:11 Two-Man Saw
35:47 Crop Rotation
37:25 Elite Jarl
40:58 Chemistry
39:39 Treadmill Crane
40:43 Pikeman
DirtyRat4578
11:36 Feudal Age
16:02 Castle Age
15:54 Scale Barding Armor
18:21 Bloodlines
18:34 Double-Bit Axe
18:36 Horse Collar
19:18 Scale Barding Armor
20:55 Forging
29:55 Iron Casting
29:41 Chain Barding Armor
31:28 Padded Archer Armor
31:19 Fletching
34:43 Thumb Ring
34:43 Bodkin Arrow
35:04 Leather Archer Armor
42:30 Imperial Age
Calum1Ltv
10:42 Feudal Age
14:37 Castle Age
12:31 Double-Bit Axe
12:54 Horse Collar
13:34 Fletching
15:33 Bow Saw
19:50 Bodkin Arrow
21:14 Padded Archer Armor
24:01 Heavy Plow
25:14 Wheelbarrow
26:17 Gold Mining
29:18 Loom
30:08 Leather Archer Armor
30:21 Hand Cart
37:13 Imperial Age
35:43 Red Cliffs Tactics
36:16 Ballistics
38:04 Bracer
38:05 Scale Mail Armor
37:28 Pikeman
38:08 Squires
38:37 Forging
38:36 Murder Holes
38:20 Halberdier
40:08 Chemistry
38:50 Treadmill Crane
40:20 Chain Mail Armor
40:46 Conscription
41:08 Iron Casting
41:46 Plate Mail Armor
Connection lost

Rejoining the realm…

Still unreachable

The connection could not be restored.

Session expired

The server has moved on; the page needs a fresh start.